 Dungeon Crawl Stone Soup version 0.27-a0-1359-ga2a4dfd6fd (webtiles) character file.

Game seed: 4563846506130211597

8717 dickylongcocking the Fighter (level 11, -1/87 HPs)
             Began as a Djinni Hedge Wizard on June 28, 2021.
             Was a Believer of Makhleb.
             Splashed by Urug's acid (10 damage)
             ... on level 10 of the Dungeon.
             The game lasted 00:16:37 (16076 turns).

dickylongcocking the Fighter (Djinni Hedge Wizard) Turns: 16076, Time: 00:16:37

Health: -1/87      AC: 10    Str:  9    XL:     11   Next: 61%
Gold:   411        EV: 12    Int: 19    God:    Makhleb [**....] SH:  0 Dex: 13

rFire    + + .     SeeInvis .   e - +9 staff of Olgreb {rPois∞}
rCold    x . .     Faith    .   (no shield)
rNeg     . . .     Spirit   .   D - +0 steam dragon scales
rPois    ∞         Reflect  .   B - +0 helmet
rElec    .         Harm     .   x - +0 cloak
rCorr    .         Rampage  .   o - +0 pair of gloves
Will     +....                  (boots unavailable)
Stlth    ++........             (no amulet)
HPRegen  0.24/turn              r - +4 ring of protection
MPRegen  0.00/turn              C - ring of wizardry

@: radiating poison, corroded, flying
A: sickness immunity, fire resistance 2, cold vulnerability 1, float, innate
caster, hp casting, extra vitality 1, iridescent scales 1
a: Renounce Religion, Minor Destruction


You were on level 10 of the Dungeon.
You worshipped Makhleb.
Makhleb was pleased with you.
You visited 2 branches of the dungeon, and saw 11 of its levels.

You collected 411 gold pieces.

Inventory:

Hand Weapons
 a - a +0 dagger
 e - the +9 staff of Olgreb (weapon) {rPois∞}
   (You acquired it on level 9 of the Dungeon)

   It may poison the flesh of those it strikes, and is more effective with a
   high Evocations skill.
   It enhances your poison magic.
   It grants immunity to poison.
   It can be evoked to poison those around you for a time.
 k - a +0 quarterstaff
 G - a +0 demon blade
Missiles
 F - 5 boomerangs of dispersal
 H - 7 curare-tipped darts
Armour
 b - a +0 robe
 c - a +0 hat
 o - a +0 pair of gloves (worn)
 x - a +0 cloak (worn)
 B - a +0 helmet (worn)
 D - +0 steam dragon scales (worn)
Jewellery
 r - a +4 ring of protection (left hand)
 C - a ring of wizardry (right hand)
 E - a ring of fire
Wands
 l - a wand of flame (12)
 s - a wand of polymorph (10)
 w - a wand of acid (12)
Scrolls
 d - a scroll of immolation
 f - 2 scrolls of fear
 g - a scroll of summoning
 h - 2 scrolls of magic mapping
 i - a scroll of enchant weapon
 j - 3 scrolls of blinking
 m - 2 scrolls of noise
 n - 3 scrolls of teleportation
 q - 3 scrolls of amnesia
 y - a scroll of torment
 z - 4 scrolls of fog
Potions
 p - 2 potions of mutation
 t - a potion of invisibility {unknown}
 u - 2 potions of attraction {unknown}
 v - a potion of flight
 A - 2 potions of resistance


   Skills:
 - Level 11.2 Fighting
 - Level 2.1 Dodging
 - Level 1.5 Stealth
 - Level 9.5 Spellcasting
 * Level 5.4 Evocations


You had 3 spell levels left.
You knew the following spells:

 Your Spells              Type           Power      Damage    Failure   Level
a - Magic Dart            Conj           100%       1d8       1%          1
b - Blink                 Tloc           N/A        N/A       1%          2
c - Call Imp              Summ           45%        N/A       1%          2
d - Slow                  Hex            45%        N/A       1%          2
e - Conjure Flame         Conj/Fire      45%        6-21      1%          3
g - Shock                 Conj/Air       100%       1d9       1%          1
h - Corpse Rot            Necr/Air       N/A        N/A       1%          2
j - Spider Form           Tmut/Pois      31%        N/A       1%          3
p - Poisonous Vapours     Pois/Air       100%       N/A       1%          2
v - Borgnjor's Vile Clut  Necr/Erth      22%        N/A       1%          5
x - Mephitic Cloud        Conj/Pois/Air  62%        N/A       1%          3
Your spell library was empty.

Dungeon Overview and Level Annotations

Branches:
Dungeon (10/15)            Temple (1/1) D:5            Lair (0/6) D:9
    Orc: D:9-12

Altars:
Ashenzari
Cheibriados
Elyvilon
Fedhas
Gozag
Hepliaklqana
Kikubaaqudgha
Makhleb
Nemelex Xobeh
Okawaru
Ru
Sif Muna
Trog
Uskayaw
Wu Jian
Xom
Yredelemnul
Zin
The Shining One

Annotations:
D:9 4 runed translucent doors
D:10 Urug


Innate Abilities, Weirdness & Mutations

You are immune to sickness and miasma.
You are immune to poison.
Your flesh is very heat resistant. (rF++)
You are vulnerable to cold. (rC-)
You float through the air rather than walking.
You learn spells naturally, not from books.
Your magical power is your life essence.
You have superior vitality. (+4 HP)
You are partially covered in iridescent scales. (AC +2)


Message History

You sock the ice beast!
The ice beast is moderately wounded.
Fannar looks as sick as possible!
You kill the kobold!
Makhleb accepts your kill. The ice beast closely misses you.
Unknown command.
Fannar looks as sick as possible!
Unknown command.
Urug looks as sick as possible!
Fannar looks as sick as possible!
Fannar gestures wildly while chanting.
Fannar blinks!
Unknown command.
You closely miss Fannar.
Fannar is almost dead.
Urug looks as sick as possible!
Fannar looks as sick as possible!
You kill Fannar!
Makhleb accepts your kill.
You feel better.
The ice beast disappears in a puff of smoke!
Urug screams, "Bird-brain!"
Your Evocations skill increases to level 5!
Urug looks as sick as possible!
Urug hits you with a +2 vampiric broad axe!!
Unknown command.
You closely miss Urug.
Urug is severely wounded.
Urug zaps a wand.
The bolt of acid hits you!!
You are splashed with acid!
* * * LOW HITPOINT WARNING * * *
Unknown command.
Unknown command.
Unknown command.
Okay, then.
Okay, then.
As you read the scroll of fear, it crumbles to dust.
You assume a fearsome visage.
Urug easily resists.
Urug zaps a wand.
The bolt of acid hits you!
* * * LOW HITPOINT WARNING * * *
The acid corrodes you!
You are splashed with acid!
You die...

)). #..........#
#.# #.##.......#
).. ...##.......#
#.# ######.....#.#
#)# #......##.#.#
#.# #.......#....
#.# #.......##...
#o####.......##...
#@##........)##...
#.##.#......###...
#.)..+......# #...
####.#......# #...
#.##.##### ####
#....# ######


You could see Urug (extremely poisoned).

Vanquished Creatures
  Fannar (D:10)
  A two-headed ogre (D:8)
  A cyclops (D:9)
  Psyche (D:9)
  A hornet (D:8)
  Prince Ribbit (D:8)
  A shadow (D:9)
  A wyvern (D:8)
  8 yaks (D:9)
  3 vampire mosquitoes (D:7)
  2 steam dragons
  3 ice beasts
  4 sky beasts
  7 orc warriors
  4 black bears
  4 ogres
  A centaur (D:7)
  3 bullfrogs
  3 kobold brigands
  3 scorpions
  10 killer bees
  A howler monkey (D:8)
  2 centaur zombies
  A hound (D:5)
  10 orc priests
  A jelly (D:6)
  A gnoll shaman (D:8)
  A scorpion zombie (D:5)
  An iguana (D:7)
  5 orc wizards
  A mummy (D:8)
  2 howler monkey zombies (D:8)
  6 adders
  12 gnolls
  A shadow imp (D:6)
  An ufetubus (D:5)
  2 adder zombies (D:5)
  2 worms (D:3)
  4 dart slugs
  31 orcs
  5 ball pythons (D:1)
  12 bats
  4 endoplasms
  6 giant cockroaches
  5 hobgoblins
  12 jackals
  A quokka (D:3)
  3 frilled lizards
  3 goblins
  18 kobolds
  A quokka skeleton (D:4)
  2 rats
220 creatures vanquished.

Vanquished Creatures (collateral kills)
  A jelly (D:5)
  A howler monkey zombie (D:7)
  An adder (D:2)
  A hobgoblin (D:2)
  2 jackals (D:2)
6 creatures vanquished.

Vanquished Creatures (others)
  2 yaks (D:9)
  A black bear (D:6)
  2 fungi (D:9)
  A plant (D:9)
  3 withered plants (D:8)
9 creatures vanquished.

Grand Total: 235 creatures vanquished

Notes
Turn   | Place    | Note
-------+----------+-------------------------------------------
     0 | D:1      | dickylongcocking the Djinni Hedge Wizard began the quest
                  | for the Orb.
     0 | D:1      | Reached XP level 1. HP: 15/15 MP: 0/0
   504 | D:1      | Reached XP level 2. HP: 19/21 MP: 0/0
  1021 | D:1      | Reached XP level 3. HP: 20/25 MP: 0/0
  1021 | D:1      | Learned a level 1 spell: Shock
  2404 | D:2      | Reached XP level 4. HP: 22/31 MP: 0/0
  2982 | D:2      | Found a faded altar of an unknown god.
  3834 | D:3      | Reached skill level 1 in Fighting
  4176 | D:3      | Reached XP level 5. HP: 33/37 MP: 0/0
  4176 | D:3      | Learned a level 2 spell: Corpse Rot
  4604 | D:4      | Reached skill level 2 in Fighting
  4812 | D:4      | Reached XP level 6. HP: 33/45 MP: 0/0
  5439 | D:4      | Reached skill level 3 in Fighting
  6057 | D:5      | Entered Level 5 of the Dungeon
  6057 | D:5      | Noticed an ogre
  6060 | D:5      | Noticed a sky beast
  6069 | D:5      | Killed an ogre
  6070 | D:5      | Reached XP level 7. HP: 33/50 MP: 0/0
  6070 | D:5      | Learned a level 2 spell: Poisonous Vapours
  6107 | D:5      | Gained mutation: You are partially covered in iridescent
                  | scales. (AC +2) [potion of mutation]
  6138 | D:5      | Reached skill level 4 in Fighting
  6138 | D:5      | Reached skill level 5 in Spellcasting
  6795 | D:5      | Found a staircase to the Ecumenical Temple.
  7011 | Temple   | Entered the Ecumenical Temple
  7116 | Temple   | Became a worshipper of Makhleb the Destroyer
  8254 | D:6      | Reached XP level 8. HP: 41/58 MP: 0/0
  8390 | D:6      | Reached skill level 5 in Fighting
  8923 | D:6      | Reached skill level 6 in Fighting
  9312 | D:6      | Reached XP level 9. HP: 22/67 MP: 0/0
  9312 | D:6      | Learned a level 3 spell: Spider Form
  9829 | D:6      | Reached skill level 7 in Fighting
  9833 | D:6      | Reached * piety under Makhleb
 11005 | D:7      | Reached skill level 8 in Fighting
 11800 | D:8      | Reached XP level 10. HP: 47/77 MP: 0/0
 11943 | D:8      | Found a sacrificial altar of Ru.
 12264 | D:8      | Reached skill level 9 in Fighting
 12380 | D:8      | Noticed Prince Ribbit
 12392 | D:8      | Killed Prince Ribbit
 13122 | D:8      | Noticed a two-headed ogre
 13158 | D:8      | Killed a two-headed ogre
 13159 | D:8      | Reached skill level 10 in Fighting
 14219 | D:9      | Reached ** piety under Makhleb
 14221 | D:9      | Reached XP level 11. HP: 37/86 MP: 0/0
 14221 | D:9      | Learned a level 5 spell: Borgnjor's Vile Clutch
 14673 | D:9      | Reached skill level 11 in Fighting
 14807 | D:9      | Identified a scroll of acquirement
 14818 | D:9      | Acquired the +9 staff of Olgreb {rPois∞}
 14819 | D:9      | Found the +9 staff of Olgreb {rPois∞}
 14967 | D:9      | Noticed a cyclops
 14983 | D:9      | Killed a cyclops
 14984 | D:9      | Reached skill level 1 in Evocations
 15293 | D:9      | Found a huge runed translucent gate.
 15293 | D:9      | Found a huge runed translucent gate.
 15293 | D:9      | Found a huge runed translucent gate.
 15293 | D:9      | Found a huge runed translucent gate.
 15293 | D:9      | Noticed a manticore
 15313 | D:9      | Noticed Psyche
 15340 | D:9      | Killed Psyche
 15851 | D:9      | Found a staircase to the Lair.
 16016 | D:10     | Entered Level 10 of the Dungeon
 16058 | D:10     | Noticed Fannar
 16063 | D:10     | Noticed Urug
 16073 | D:10     | Killed Fannar
 16074 | D:10     | Reached skill level 5 in Evocations
 16076 | D:10     | Splashed by Urug's acid

Illustrated notes

Levels and vault maps discovered:
D:1:      wander_arrival_estate, layout_loops_ring
D:2:      layout_loops_ring, hellmonk_ecumenical_altar_run_dry
D:3:      layout_rooms
D:4:      layout_gridville
D:5:      layout_basic, minmay_temple_entry_junction, kennysheep_pointless_box,
          minmay_large_rounded_square, grunt_ministairs_9, solitary_fountain,
          patterned_corridor
D:6:      layout_loops_cross
D:7:      layout_loops_ring
D:8:      layout_loops_cross, hangedman_ru_absence, serial_undead,
          serial_undead_f, serial_undead_c, serial_undead_b, serial_undead_e,
          nicolae_zen_rock_garden, kennysheep_diamond, minivault_5,
          uniq_prince_ribbit1
D:9:      lemuel_bear_cage, layout_long_grid, grunt_lair_entry_orc_guard_hut,
          uniq_psyche
D:10:     layout_basic, uniq_urug, uniq_fannar
Temple:   kilobyte_greek_temple

Skill      XL: |  1  2  3  4  5  6  7  8  9 10 11 |
---------------+----------------------------------+-----
Spellcasting   | 3 4 5 6 7 9 |  9.5
Fighting       | 1 2 3 4 6 8 10 11 | 11.2
Evocations     | 5 |  5.4
Dodging        | |  2.1
Stealth        | |  1.5

Action                   |  1- 3 |  4- 6 |  7- 9 | 10-12 || total
-------------------------+-------+-------+-------+-------++-------
Melee: Dagger            |    21 |     3 |       |       ||    24
       Quarterstaff      |       |    15 |    54 |    26 ||    95
       Staff             |       |       |       |    35 ||    35
       Unarmed           |       |       |       |     4 ||     4
 Cast: Magic Dart        |    74 |   118 |    72 |    49 ||   313
       Call Imp          |     9 |     1 |    13 |       ||    23
       Blink             |     1 |       |       |       ||     1
       Shock             |       |    24 |    30 |    16 ||    70
       Mephitic Cloud    |       |     5 |     5 |     3 ||    13
       Corpse Rot        |       |     2 |     1 |     1 ||     4
       Poisonous Vapours |       |       |    89 |    68 ||   157
       Conjure Flame     |       |       |    11 |    10 ||    21
       Slow              |       |       |     4 |       ||     4
       Borgnjor's Vile C |       |       |       |    12 ||    12
Evoke: Staff of Olgreb   |       |       |       |    18 ||    18
  Use: Potion            |       |       |     4 |       ||     4
       Scroll            |       |       |     2 |    15 ||    17
 Stab: Sleeping          |     1 |       |       |       ||     1
Armor: Robe              |     7 |    13 |    75 |    18 ||   113
       Steam dragon scal |       |       |       |    25 ||    25
       Skin              |       |       |       |     3 ||     3
Dodge: Dodged            |    34 |    43 |   112 |    83 ||   272

Table legend: (Time is in decaauts)
 A = Elapsed time spent in this place.
 B = Non-inter-level travel time spent in this place.
 C = Inter-level travel time spent in this place.
 D = Time resting spent in this place.
 E = Time spent auto-exploring this place.
 F = Levels seen in this place.
 G = Mean time per level.
                   A        B        C        D        E       F      G
               +--------+--------+--------+--------+--------+-----+--------+
         Total |  16110 |  15750 |    360 |   2448 |  11516 |  11 | 1464.5 |
       Dungeon |  15971 |  15644 |    327 |   2448 |  11415 |  10 | 1597.1 |
        Temple |    139 |    106 |     33 |      0 |    101 |   1 |  139.0 |
               +--------+--------+--------+--------+--------+-----+--------+

Top non-repeatable levels by time:
     D:8: 2328 daAuts
     D:5: 2038 daAuts
     D:9: 1959 daAuts
     D:6: 1768 daAuts
     D:7: 1754 daAuts
     D:2: 1737 daAuts
     D:1: 1562 daAuts
     D:4: 1515 daAuts
     D:3: 1246 daAuts
  Temple: 139 daAuts
    D:10: 60 daAuts
